 Dungeon Crawl Stone Soup version 0.29-a0-753-gb7bb9d756e (webtiles) character file.

Game seed: 8757255015214935484

60 Nattfarinn the Magician (level 3, -5/19 HPs)
             Began as a Deep Elf Venom Mage on June 30, 2022.
             Killed from afar by an orc wizard (10 damage)
             ... with a puff of flame
             ... on level 2 of the Dungeon.
             The game lasted 00:01:29 (1528 turns).

Nattfarinn the Magician (Deep Elf Venom Mage)       Turns: 1528, Time: 00:01:29

Health: -5/19      AC:  4    Str:  5    XL:     3   Next: 82%
Magic:  11/11      EV: 12    Int: 21    God:
Gold:   77         SH:  0    Dex: 15    Spells: 11/12 levels left

rFire   . . .      SeeInvis .   (no weapon)
rCold   . . .      Faith    .   (no shield)
rNeg    . . .      Spirit   .   a - +0 robe
rPois   .          Reflect  .   g - +0 helmet
rElec   .          Harm     .   (no cloak)
rCorr   .          Rampage  .   c - +0 pair of gloves
Will    .....                   (no boots)
Stlth   ++........              (no amulet)
HPRegen 0.06/turn               (no ring)
MPRegen 0.12/turn               (no ring)

@: no status effects
A: no striking features
a: no special abilities


You were on level 2 of the Dungeon.
You visited 1 branch of the dungeon, and saw 2 of its levels.

You collected 77 gold pieces.

Inventory:

Armour
 a - a +0 robe (worn)
 c - a +0 pair of gloves (worn)
 g - a +0 helmet (worn)
Scrolls
 e - 2 scrolls of magic mapping {unknown}
 i - a scroll of silence {unknown}
 j - a scroll of amnesia {unknown}
Potions
 b - a potion of magic
 d - a potion of curing {unknown}
 f - a potion of might {unknown}
 h - 2 potions of heal wounds {unknown}


   Skills:
 - Level 2.4 Dodging
 - Level 2.4 Stealth
 * Level 5.0 Spellcasting
 - Level 1.1 Transmutations
 + Level 4.0 Poison Magic


You had 11 spell levels left.
You knew the following spells:

 Your Spells              Type           Power      Damage    Failure   Level
a - Sting                 Tmut/Pois      64%        1d6       3%          1

Your spell library contained the following spells:

 Spells                   Type           Power      Damage    Failure   Level
 Poisonous Vapours        Pois/Air       26%        N/A       7%          2
 Mephitic Cloud           Conj/Pois/Air  11%        N/A       19%         3
 Olgreb's Toxic Radiance  Pois           22%        N/A       21%         4


Dungeon Overview and Level Annotations

Branches:
Dungeon (2/15)

Altars:


Message History

The adder is heavily wounded.
The adder completely misses you.
The sting hits the adder.
The adder looks even sicker.
The adder is almost dead.
You kill the adder!
Your Spellcasting skill increases to level 5!
Your Poison Magic skill increases to level 4!
You can't see any susceptible monsters within range! (Use Z to cast anyway.)
Things that are here:
a frilled lizard corpse; a hobgoblin corpse An orc comes into view.
It is wielding a +0 whip.
The orc shouts!
You hear a shout! x2
An orc is nearby!
The sting hits the orc but does no damage.
The orc is poisoned.
An orc wizard comes into view. It is wielding a +0 dagger.
The sting hits the orc.
The orc looks even sicker.
The orc is heavily wounded.
The orc wizard casts a spell.
The orc wizard flickers and vanishes!
Deactivating autopickup; reactivate with Ctrl-A.
The sting hits the orc.
The orc looks even sicker.
You kill the orc!
You can't see any susceptible monsters within range! (Use Z to cast anyway.) Unknown command.
Unknown command.
Things that are here:
a frilled lizard corpse; a hobgoblin corpse A puff of flame appears from out of thin air!
The puff of flame hits you!
Something tries to affect you, but you resist.
A puff of flame appears from out of thin air!
The puff of flame hits you!
* * * LOW HITPOINT WARNING * * *
Something tries to affect you, but you resist.
There is a stone staircase leading up here.
The orc wizard points at you and mumbles some strange words.
The puff of flame hits you!
Ouch! That really hurt!
You die...

#.......##............#.........
##.##....##...........##.#..#....
#........##..............#.......
..#....#.o#...........##.#.......
.##....##.............##.###.#...
.#......#.............##.....#...
##(.##..##............#####..#...
#..####..#............#####..##..
#..####..#......@........##...#..
##..##..##...............####.#.#
#......#..##########....# #..(.
##....##..##............#####..#
).#....#..###..................>.
.........## #....................
....###### #....................
##### #[...................
#....................


You could see an orc wizard.

Vanquished Creatures
  3 adders (D:2)
  2 dart slugs (D:1)
  An orc (D:2)
  A ball python (D:1)
  An endoplasm (D:2)
  2 giant cockroaches (D:1)
  5 hobgoblins
  A quokka (D:1)
  3 bats (D:1)
  2 frilled lizards (D:2)
  2 goblins (D:1)
  2 kobolds (D:1)
  4 rats
29 creatures vanquished.

Notes
Turn   | Place    | Note
-------+----------+-------------------------------------------
     0 | D:1      | Nattfarinn the Deep Elf Venom Mage began the quest for the
                  | Orb.
     0 | D:1      | Reached XP level 1. HP: 10/10 MP: 6/6
   211 | D:1      | Reached XP level 2. HP: 10/15 MP: 1/8
   333 | D:1      | Found a faded altar of an unknown god.
   545 | D:1      | Reached skill level 4 in Spellcasting
  1203 | D:2      | Reached XP level 3. HP: 18/19 MP: 3/11
  1411 | D:2      | Reached skill level 5 in Spellcasting
  1528 | D:2      | Killed from afar by an orc wizard

Illustrated notes

Levels and vault maps discovered:
D:1:      minmay_arrival_jagged, layout_rooms,
          hellmonk_ecumenical_altar_zigzags, minivault_27
D:2:      layout_basic, minmay_misc_feat_iff

Skill      XL: |  1  2  3 |
---------------+----------+-----
Spellcasting   | 4 5 |  5.0
Poison Magic   | 4 |  4.0
Dodging        | |  2.4
Stealth        | |  2.4
Transmutations | |  1.1

Action                   || total
-------------------------++-------
Melee: Unarmed           ||     1
 Cast: Sting             ||    59
Armor: Robe              ||     4
Dodge: Dodged            ||    16

Table legend: (Time is in decaauts)
 A = Elapsed time spent in this place.
 B = Non-inter-level travel time spent in this place.
 C = Inter-level travel time spent in this place.
 D = Time resting spent in this place.
 E = Time spent auto-exploring this place.
 F = Levels seen in this place.
 G = Mean time per level.
                   A        B        C        D        E       F      G
               +--------+--------+--------+--------+--------+-----+--------+
         Total |   1527 |   1491 |     36 |      0 |   1298 |   2 |  763.5 |
       Dungeon |   1527 |   1491 |     36 |      0 |   1298 |   2 |  763.5 |
               +--------+--------+--------+--------+--------+-----+--------+

Top non-repeatable levels by time:
     D:1: 988 daAuts
     D:2: 539 daAuts
